 Dungeon Crawl Stone Soup version 0.26.0-10-g1f06aea511 (webtiles) character file.

Game seed: 16256130621420522071

45 barnardine the Skirmisher (level 3, 0/40 HPs)
             Began as an Ogre Berserker on Jan 14, 2021.
             Was a Follower of Trog.
             Slain by a goblin
             ... wielding a +0 club
             ... led by Robin
              (4 damage)
             ... while paralysed
             ... on level 2 of the Dungeon.
             The game lasted 00:07:01 (1338 turns).

barnardine the Skirmisher (Ogre Berserker)          Turns: 1338, Time: 00:07:03

Health: 0/40       AC:  3    Str: 22    XL:     3   Next: 64%
Magic:  3/3        EV:  1    Int:  8    God:    Trog [*.....]
Gold:   69         SH:  0    Dex:  8    Spells: 2/2 levels left

rFire    . . .     SeeInvis .   a - +0 hand axe
rCold    . . .     Faith    .   (no shield)
rNeg     . . .     Spirit   .   b - +0 animal skin
rPois    .         Reflect  .   (helmet restricted)
rElec    .         Harm     .   (no cloak)
rCorr    .         Rampage  .   (gloves unavailable)
Will     .....                  (boots unavailable)
Stlth    +.........             (no amulet)
HPRegen  0.13/turn              (no ring)
MPRegen  0.08/turn              (no ring)

@: paralysed, berserk cooldown, slowed
A: large, unfitting armour, tough skin 1
a: Renounce Religion, Berserk


You were on level 2 of the Dungeon.
You worshipped Trog.
Trog was aware of your devotion.
You visited 1 branch of the dungeon, and saw 2 of its levels.

You collected 69 gold pieces.

Inventory:

Hand Weapons
 a - a +0 hand axe (weapon)
 f - a cursed -2 whip
Missiles
 g - 22 bolts
Armour
 b - a +0 animal skin (worn)
Jewellery
 n - a +6 ring of dexterity {unknown}
Scrolls
 h - a scroll of remove curse {unknown}
 i - a scroll of enchant armour {unknown}
 j - a scroll of teleportation {unknown}
 m - a scroll of amnesia {unknown}
Potions
 c - a potion of degeneration {unknown}
 d - a potion of ambrosia {unknown}
 e - 2 potions of might {unknown}
 k - a potion of attraction {unknown}
 l - a potion of haste {unknown}


   Skills:
 + Level 4.5 Fighting
 + Level 3.7 Axes
 + Level 3.2 Dodging


You had 2 spell levels left.
You didn't know any spells.
Your spell library was empty.

Dungeon Overview and Level Annotations

Branches:
Dungeon (2/15)

Altars:
Nemelex Xobeh

Annotations:
D:2 Robin


Innate Abilities, Weirdness & Mutations

You are too large for most types of armour.
You have tough skin. (AC +1)


Message History

You feel a strong urge to attack something.
You are no longer berserk.
You pass out from exhaustion.
You feel yourself slow down. The goblin hits you with a +0 club.
Robin throws the goblin at you! The goblin hits you but does no damage.
The goblin hits you with a +0 club. The goblin hits you with a +0 club. x3
A hobgoblin comes into view.
Robin hits you from afar with a +0 trident.
The goblin hits you but does no damage. The goblin hits you with a +0 club.
* * * LOW HITPOINT WARNING * * *
The goblin hits you with a +0 club.
* * * LOW HITPOINT WARNING * * *
A goblin comes into view.
Robin hits you from afar with a +0 trident.
* * * LOW HITPOINT WARNING * * *
The goblin hits you with a +0 club.
* * * LOW HITPOINT WARNING * * *
The goblin hits you with a +0 club.
You die...

.##.##.# #. #...#
.......# ##.#####..##
###.######## .. ..##..#
......##.. .. #. #.##..#
.##.#.##.# ##.#.##.##..#
.##.#.##.#.............#
.##..........# #.......#
.####.##.#...# #.g.#####
.####.##.#.#.###@###
......##......ggg#
..########.....g## #.#
##.gg## #.# #..g# #.#
#... #.# #. #.. .. ...


You could see Robin, a hobgoblin (strong) and 6 goblins.

Vanquished Creatures
  An adder (D:2)
  2 dart slugs
  A ball python (D:2)
  2 giant cockroaches (D:1)
  8 goblins
  3 hobgoblins (D:1)
  2 jackals (D:1)
  2 kobolds
  4 bats (D:1)
  A frilled lizard (D:1)
  3 rats
29 creatures vanquished.

Notes
Turn   | Place    | Note
-------+----------+-------------------------------------------
     0 | D:1      | barnardine the Ogre Berserker began the quest for the Orb.
     0 | D:1      | Reached XP level 1. HP: 24/24 MP: 1/1
    69 | D:1      | Found a sparkling altar of Nemelex Xobeh.
   206 | D:1      | Reached XP level 2. HP: 20/32 MP: 2/2
  1026 | D:2      | Reached XP level 3. HP: 40/40 MP: 3/3
  1319 | D:2      | Noticed Robin
  1338 | D:2      | Slain by a goblin

Illustrated notes

Levels and vault maps discovered:
D:1:      evilmike_arrival_grusome_pit, layout_basic,
          nemelex_xobeh_ov_fountains_minmay
D:2:      layout_loops_cross, fedhas_ov_isle_minmay, kennysheep_jessica_study,
          uniq_robin

Skill      XL: |  1  2 |
---------------+-------+-----
Dodging        | 3 |  3.2
Fighting       | |  4.5
Axes           | |  3.7

Action                   || total
-------------------------++-------
Melee: Hand axe          ||    80
Invok: Berserk           ||     3
Armor: Animal skin       ||    25
Dodge: Dodged            ||    43
